 Dungeon Crawl Stone Soup version 0.29.0-5-ge4962eb29e (webtiles) character file.

Game seed: 10107450524651249910

114 Arcadio the Stinger (level 4, 0/30 HPs)
             Began as a Merfolk Venom Mage on Aug 29, 2022.
             Killed from afar by Natasha (8 damage)
             ... with a magic dart
             ... on level 2 of the Dungeon.
             The game lasted 00:05:42 (3501 turns).

Arcadio the Stinger (Merfolk Venom Mage)            Turns: 3501, Time: 00:05:43

Health: 0/30       AC:  3    Str:  8    XL:     4   Next: 98%
Magic:  4/8        EV: 13    Int: 16    God:
Gold:   42         SH:  0    Dex: 14    Spells: 2/9 levels left

rFire   . . .      SeeInvis .   e - +1 dagger (venom)
rCold   . . .      Faith    .   (no shield)
rNeg    . . .      Spirit   .   a - +0 robe
rPois   .          Reflect  .   (no helmet)
rElec   .          Harm     .   (no cloak)
rCorr   .          Rampage  .   (no gloves)
Will    .....                   n - +0 pair of boots
Stlth   ++........              (no amulet)
HPRegen 0.10/turn               (no ring)
MPRegen 0.11/turn               (no ring)

@: no status effects
A: (nimble swimmer 2), mertail
a: no special abilities


You were on level 2 of the Dungeon.
You visited 1 branch of the dungeon, and saw 2 of its levels.

You collected 42 gold pieces.

Inventory:

Hand Weapons
 c - a +0 club
 e - a +1 dagger of venom (weapon)
Armour
 a - a +0 robe (worn)
 f - a +0 leather armour
 n - a +0 pair of boots (worn)
Scrolls
 g - a scroll of fear {unknown}
 j - a scroll of poison {unknown}
 l - a scroll of teleportation {unknown}
Potions
 b - a potion of magic
 d - 2 potions of curing {unknown}
 h - a potion of haste
 i - a potion of mutation {unknown}
 k - a potion of lignification {unknown}
 m - a potion of ambrosia {unknown}


   Skills:
 + Level 4.3 Dodging
 - Level 2.1 Stealth
 + Level 3.1 Spellcasting
 - Level 1.3 Transmutations
 + Level 4.3 Poison Magic


You had 2 spell levels left.
You knew the following spells:

 Your Spells              Type           Power      Damage    Failure   Level
a - Sting                 Tmut/Pois      44%        1d5       6%          1
b - Poisonous Vapours     Pois/Air       18%        N/A       12%         2
c - Olgreb's Toxic Radia  Pois           16%        N/A       30%         4

Your spell library contained the following spells:

 Spells                   Type           Power      Damage    Failure   Level
 Mephitic Cloud           Conj/Pois/Air  7%         N/A       30%         3


Dungeon Overview and Level Annotations

Branches:
Dungeon (2/15) Zot: 8474

Altars:

Annotations:
D:2 1 runed translucent door, Crazy Yiuf, Natasha, Sigmund


Innate Abilities, Weirdness & Mutations

((You are very nimble when in or above water. (Stealth+, EV+, Speed+++)))
Your lower body shifts to a powerful aquatic tail in water.


Message History

Casting: Poisonous Vapours (safe; 12% risk of failure)
Confirm with . or Enter, or press ? or * to list all spells.
Aiming: Sting (safe; 6% risk of failure)
Press: ? - help, Shift-Dir - straight line, f - Natasha
Aim: Natasha, carrying a wand of flame (2) (64% to hit)
The sting misses Natasha.
Casting: Sting (safe; 6% risk of failure)
Confirm with . or Enter, or press ? or * to list all spells.
Aiming: Sting (safe; 6% risk of failure)
Press: ? - help, Shift-Dir - straight line, f/p - Natasha
Aim: Natasha, carrying a wand of flame (2) (64% to hit)
The sting misses Natasha.
Natasha zaps a wand.
The puff of flame misses you.
Casting: Sting (safe; 6% risk of failure)
Confirm with . or Enter, or press ? or * to list all spells.
Aiming: Sting (safe; 6% risk of failure)
Press: ? - help, Shift-Dir - straight line, f/p - Natasha
Aim: Natasha, carrying a wand of flame (1) (64% to hit)
The sting hits Natasha.
Natasha is poisoned.
Natasha is lightly wounded.
Casting: Sting (safe; 6% risk of failure)
Confirm with . or Enter, or press ? or * to list all spells.
Aiming: Sting (safe; 6% risk of failure)
Press: ? - help, Shift-Dir - straight line, f/p - Natasha
Aim: Natasha, carrying a wand of flame (1) (lightly wounded, poisoned, 64% to hit)
The sting hits Natasha.
Natasha looks even sicker.
Natasha is moderately wounded.
Natasha zaps a wand.
The puff of flame hits you!
* * * LOW HITPOINT WARNING * * *
The now-empty wand crumbles to dust.
You closely miss Natasha.
Natasha is moderately wounded.
Natasha closely misses you.
You hit Natasha.
Natasha is severely wounded.
Natasha closely misses you.
You hit Natasha but do no damage.
Natasha looks as sick as possible!
Natasha is severely wounded.
Natasha casts a spell at you. The magic dart hits you!
You die...

#...# ### .. #)..#
#. ##### #.
.############
#.#.#.......#
#.#.#.....).#
######...#.......#
#.@........†.....#
##h####.#######+##
#.# #...#####<#
#.# ###....##.#
#.# ####.##.# #.#
#..#.# #.###
##...# ♣...#
##..###
♣........$. #.....


You could see Natasha (extremely poisoned).

Vanquished Creatures
  Natasha (D:2)
  4 adders
  2 worms
  7 endoplasms
  A giant cockroach (D:1)
  8 goblins (D:1)
  6 hobgoblins (D:1)
  2 jackals (D:1)
  2 kobolds
  2 quokkas
  5 ball pythons
  3 bats
43 creatures vanquished.

Notes
Turn   | Place    | Note
-------+----------+-------------------------------------------
     0 | D:1      | Arcadio the Merfolk Venom Mage began the quest for the Orb.
     0 | D:1      | Reached XP level 1. HP: 13/13 MP: 3/3
   662 | D:1      | Reached XP level 2. HP: 12/19 MP: 0/5
  1278 | D:1      | Reached XP level 3. HP: 24/24 MP: 6/6
  1850 | D:1      | Learned a level 2 spell: Poisonous Vapours
  2119 | D:1      | HP: 1/24 [poisoned by an adder]
  2538 | D:2      | Reached XP level 4. HP: 25/30 MP: 8/8
  2649 | D:2      | Noticed Sigmund
  2654 | D:2      | Noticed Natasha
  2685 | D:2      | Killed Natasha
  2974 | D:2      | Found a runed translucent door.
  2975 | D:2      | Noticed Crazy Yiuf
  3099 | D:2      | Learned a level 4 spell: Olgreb's Toxic Radiance
  3141 | D:2      | Noticed Natasha
  3501 | D:2      | Killed from afar by Natasha

Illustrated notes

Levels and vault maps discovered:
D:1:      mrwooster_arrival_arrow, layout_basic, chequers_serial_rivers_micro_d
D:2:      layout_basic, serial_shops, nicolae_shop_trees,
          hellmonk_ecumenical_altar_prayer_group, uniq_jessica, uniq_natasha,
          uniq_sigmund, uniq_crazy_yiuf_cottage

Skill      XL: |  1  2  3  4 |
---------------+-------------+-----
Dodging        | 3 4 |  4.3
Poison Magic   | 4 |  4.3
Spellcasting   | 3 |  3.1
Stealth        | |  2.1
Transmutations | |  1.3

Action                   |  1- 3 |  4- 6 || total
-------------------------+-------+-------++-------
Melee: Club              |    19 |       ||    19
       Dagger            |    61 |    27 ||    88
       Punch             |       |     1 ||     1
 Cast: Sting             |    31 |    11 ||    42
       Poisonous Vapours |     1 |    10 ||    11
 Stab: Sleeping          |     1 |       ||     1
Armor: Robe              |     6 |     5 ||    11
Dodge: Dodged            |    66 |    35 ||   101
